 Dungeon Sprint DCSS version 0.28-a0-313-gbc0475efdd (webtiles) character file.

Game seed: 9486293567982699143

685 Ankalagon the Fighter (level 7, -1/72 HPs)
             Began as a Palentonga Cinder Acolyte on Aug 31, 2021.
             Was a High Priest of Ignis.
             Shot with a bolt by a yaktaur captain (33 damage)
             ... in the Dungeon (Sprint II: "The Violet Keep of Menkaure").
             The game lasted 00:02:23 (377 turns).

Ankalagon the Fighter (Palentonga Cinder Acolyte)    Turns: 377, Time: 00:02:23

Health: -1/72      AC: 13    Str: 18    XL:     7   Next: 35%
Magic:  8/8        EV:  9    Int: 14    God:    Ignis [*****.]
Gold:   41         SH:  0    Dex:  7    Spells: 7/8 levels left

rFire   + . .      SeeInvis +   a - -1 falchion (flame)
rCold   . . .      Faith    .   (no shield)
rNeg    . . .      Spirit   .   b - +0 robe
rPois   +          Reflect  .   (no helmet)
rElec   .          Harm     .   d - +1 cloak {rPois}
rCorr   .          Rampage  .   (no gloves)
Will    .....      NoTele   +   (no barding)
Stlth   +.........              (no amulet)
HPRegen 0.22/turn               (no ring)
MPRegen 0.11/turn               (no ring)

@: curled up, very slow
A: large, rugged brown scales 3, see invisible, deformed body, roll 1, armoured
tail, reflexive curl
a: Rolling Charge, Renounce Religion, Sea of Fire, Foxfire Swarm, Rising Flame


You were in the Dungeon.
You worshipped Ignis.
Ignis was extremely pleased with you.
You visited 1 branch You collected 243 gold pieces.
You spent 202 gold pieces at shops.

Inventory:

Hand Weapons
 a - a -1 falchion of flaming (weapon)
Armour
 b - a +0 robe (worn)
 d - a +1 cloak of poison resistance (worn)
Scrolls
 h - a scroll of blinking
Potions
 c - a potion of curing
 f - 2 potions of magic


   Skills:
 + Level 11.6 Fighting
 + Level 11.6 Long Blades
 - Level 1.0 Spellcasting
 - Level 0.7 Fire Magic


You had 7 spell levels left.
You knew the following spells:

 Your Spells              Type           Power      Damage    Failure   Level
a - Foxfire               Conj/Fire      4%         2x1d4     22%         1

Your spell library contained the following spells:

 Spells                   Type           Power      Damage    Failure   Level


Dungeon Overview and Level Annotations

Branches:
Dungeon (1/1)

Altars:

Shops:
D :(!*[(*?=?:!=[[

Annotations:
D exclusion: oklob plant, Kirke, Roxanne


Innate Abilities, Weirdness & Mutations

You are completely covered in rugged brown scales. (AC +3, +7% HP)
You have supernaturally acute eyesight. (SInv)
Armour fits poorly on your strangely shaped body.
You can roll at nearby foes to attack.
You have a long armoured tail.
You curl defensively after being hit.


Message History

The shining eye turns its gaze towards you.
Marking area around an oklob plant as unsafe for travelling.
There is an open door here.
Unknown command.
Found a ring mail, 11 bolts and a mace.
Found Lauf's Book Shoppe.
You close the door.
Found 6 boomerangs, 81 gold pieces and 2 bubbling grey potions.
There is an entrance to Hushocad's Antique Armour Boutique here.
d - a +1 cloak of poison resistance Thank you for shopping at Hushocad's Antique Armour Boutique!
Unknown command.
You start putting on your armour.
You continue putting on your +1 cloak of poison resistance. x2
You feel yourself slow down.
You continue putting on your +1 cloak of poison resistance. x2
You finish putting on your +1 cloak of poison resistance.
You feel resistant to poison.
You start resting.
The walls and floor vibrate strangely for a moment. x2
HP restored.
The water moccasin hisses angrily.
The shining eye turns its gaze towards you.
Okay, then.
Unknown command.
The water moccasin hisses angrily.
Unknown command.
As you open the door, it creaks loudly!
There is an open door here.
You enter the shallow water.
Moving in this stuff is going to be slow.
A yaktaur captain and Kirke come into view.
Kirke shouts!
The yaktaur captain shouts!
You hear a shout! x2
The yaktaur captain wields a +0 arbalest.
The yaktaur captain shoots a bolt.
The bolt closely misses you.
Kirke mumbles some strange words.
Kirke flickers and vanishes for a moment.
The yaktaur captain shoots a bolt.
The bolt hits you!!!
Ouch! That really hurt!
The yaktaur captain shoots a bolt.
The bolt hits you!!
You die...

≈≈§§§§§## # §§8≈§§§≈#
@#### §§§.≈§ ..@## §.§≈
###########c≈#+++#+++##
##########≈≈≈.........#
#....∩.∩.#≈≈≈≈.##'##..#
#...∩.∩..#≈≈≈≈##.#.##
#..∩.∩...#≈@≈≈#..#..#
#.⌠.∩....#≈≈#####.#####
#..∩.∩...#≈## #'# #.##
#...∩.∩..#≈# ##.##...#
#....∩.∩.'≈+ +.<.')#
#.....∩..#≈# ##.##...#
▓▓▓▓▓▓▓###≈# #+# #.##
#[GS######≈≈# ## #(GS#
##≈≈≈


You could see Kirke (invisible) and a yaktaur captain.

Vanquished Creatures
  A merfolk siren (D)
  Menkaure (D)
  4 scorpions (D)
6 creatures vanquished.

Vanquished Creatures (others)
  A water moccasin (D)
1 creature vanquished.

Grand Total: 7 creatures vanquished

Notes
Turn   | Place    | Note
-------+----------+-------------------------------------------
     0 | D        | Ankalagon the Palentonga Cinder Acolyte began the quest for
                  | the Orb.
     0 | D        | Reached XP level 1. HP: 19/19 MP: 2/2
     1 | D        | Noticed a scorpion
     1 | D        | Noticed a scorpion
     4 | D        | Killed a scorpion
     5 | D        | Reached XP level 2. HP: 29/29 MP: 3/3
     5 | D        | Reached XP level 3. HP: 36/36 MP: 4/4
     6 | D        | Killed a scorpion
     7 | D        | Reached XP level 4. HP: 46/46 MP: 5/5
     8 | D        | Noticed a scorpion
     8 | D        | Noticed a scorpion
    11 | D        | Killed a scorpion
    12 | D        | Reached XP level 5. HP: 54/54 MP: 6/6
    24 | D        | Noticed a merfolk siren
    24 | D        | Killed a water moccasin
    34 | D        | Killed a merfolk siren
    35 | D        | Reached XP level 6. HP: 33/66 MP: 7/7
    35 | D        | Gained mutation: You curl defensively after being hit.
                  | [Palentonga growth]
    35 | D        | Reached XP level 7. HP: 36/72 MP: 8/8
    43 | D        | Identified Roxanne's Catalogue of Transmigration
    43 | D        | Noticed Roxanne
    45 | D        | Noticed Menkaure
    47 | D        | Found Bytz's Antique Armour Shop.
    47 | D        | Found Hushocad's Antique Armour Boutique.
    51 | D        | Killed Menkaure
    52 | D        | Found Dika's Book Shop.
    52 | D        | Found Fofrip's Distillery.
    52 | D        | Found Quvuxkac's Jewellery Boutique.
    53 | D        | Found Naecogug's Magic Scroll Shop.
    53 | D        | Found Yppocsol's Jewellery Boutique.
    53 | D        | Found Hiykhliod's General Store.
    53 | D        | Found Fupsa's Magic Scroll Shop.
    54 | D        | Found Qaips's Antique Armour Shop.
    54 | D        | Found Gurcheuc's Antique Weapon Boutique.
    54 | D        | Found Vovvao's Assorted Antiques.
    55 | D        | Found Ciorof's Distillery.
    55 | D        | Found Jusaipyuff's Antique Weapon Boutique.
    58 | D        | Noticed an oklob plant
    58 | D        | Noticed a shining eye
    59 | D        | Found Lauf's Book Shoppe.
    61 | D        | Noticed a shining eye
    62 | D        | Bought a glowing cloak for 202 gold pieces
   375 | D        | Noticed Kirke
   375 | D        | Noticed a yaktaur captain
   377 | D        | Shot with a bolt by a yaktaur captain

Illustrated notes

Levels and vault maps discovered:
D:        the_violet_keep_of_menkaure [sprint2_stairs_cluster_1,
          sprint2_shoproom, sprint2_temple, sprint2_basic_supplies,
          sprint2_obstacle_1, sprint2_obstacle_3, sprint2_obstacle_6,
          sprint2_obstacle_5, sprint2_obstacle_2, sprint2_timed_cluster_1,
          sprint2_smallroom_cluster_1, sprint2_smallroom_final_cluster_1,
          sprint2_transparent_cluster_1, sprint2_second_timed_cluster_1,
          sprint2_sniper_area_1, sprint2_heavy_combat_area_1,
          sprint2_mutation_trap_area_1, sprint2_forest_area_1,
          sprint2_light_combat_area_1, sprint2_behind_water_1,
          sprint2_near_end_vault_1]

Skill      XL: |  1  2  3  4  5 |
---------------+----------------+-----
Fighting       | 6 7 8 11 | 11.6
Long Blades    | 6 7 8 11 | 11.6
Spellcasting   | |  1.0
Fire Magic     | |  0.7

Action                   |  1- 3 |  4- 6 |  7- 9 || total
-------------------------+-------+-------+-------++-------
Melee: Falchion          |     4 |    12 |     4 ||    20
       Tailslap          |     2 |     5 |     2 ||     9
 Abil: Rolling Charge    |       |     1 |       ||     1
  Use: Potion            |     1 |     2 |       ||     3
Armor: Robe              |       |     1 |       ||     1
Dodge: Dodged            |     1 |     1 |     1 ||     3

Table legend: (Time is in decaauts)
 A = Elapsed time spent in this place.
 B = Non-inter-level travel time spent in this place.
 C = Inter-level travel time spent in this place.
 D = Time resting spent in this place.
 E = Time spent auto-exploring this place.
 F = Levels seen in this place.
 G = Mean time per level.
                   A        B        C        D        E       F      G
               +--------+--------+--------+--------+--------+-----+--------+
         Total |    375 |    375 |      0 |    290 |      0 |   1 |  375.0 |
       Dungeon |    375 |    375 |      0 |    290 |      0 |   1 |  375.0 |
               +--------+--------+--------+--------+--------+-----+--------+

Top non-repeatable levels by time:
       D: 375 daAuts
